 Dungeon Crawl Stone Soup version 0.30.1-9-gdf580d7c3d (webtiles) character file.

Game seed: 13797367280782838824

6482 lonewolfV2 the Cleaver (level 11, -12/138 (142) HPs)
             Began as a Hill Orc Fighter on Oct 11, 2023.
             Was a Priest of Beogh.
             Killed by vampiric draining
             ... invoked by Josephine
              (19 damage)
             ... on level 10 of the Dungeon.
             The game lasted 00:16:00 (11320 turns).

lonewolfV2 the Cleaver (Hill Orc Fighter)          Turns: 11320, Time: 00:16:01

HP:   -12/138 (142) AC: 11    Str: 30    XL:     11   Next: 0%
MP:   11/11         EV: 11    Int:  8    God:    Beogh [***...]
Gold: 307           SH:  5    Dex: 10    Spells: 10/10 levels left

rFire   + . .        b - +2 hand axe (heavy)
rCold   + . .        c - +0 buckler
rNeg    . . .        w - +3 scale mail {rPois}
rPois   +            (no helmet)
rElec   +            (no cloak)
rCorr   +            (no gloves)
SInv    .            (no boots)
Will    .....        m - amulet of the acrobat Stlth
                     C - +6 ring of strength
HPRegen 0.43/turn    B - ring of resist corrosion
MPRegen 0.12/turn

%: acrobat
@: berserking, resistant, slowed, lightly drained
A: no striking features
a: Renounce Religion, Smiting


You were on level 10 of the Dungeon.
You worshipped Beogh.
Beogh was most pleased with you.
You visited 1 branch of the dungeon, and saw 10 of its levels.

You collected 454 gold pieces.
You spent 147 gold pieces at shops.

Inventory:

Hand Weapons
 a - a +1 war axe
 b - a +2 heavy hand axe (weapon)
Missiles
 o - a throwing net (quivered)
Armour
 c - a +0 buckler (worn)
 w - a +3 scale mail of poison resistance (worn)
Jewellery
 m - an amulet of the acrobat (around neck)
 B - a ring of resist corrosion (right hand)
 C - a +6 ring of strength (left hand)
 E - a ring of magical power
Wands
 d - a wand of iceblast (8)
 r - a wand of paralysis (5)
 s - a wand of quicksilver (7)
 v - a wand of flame (27)
 F - a wand of polymorph (8)
Scrolls
 i - a scroll of amnesia
 l - 2 scrolls of teleportation
 y - a scroll of enchant armour
 D - a scroll of enchant weapon
Potions
 e - 3 potions of flight
 f - 3 potions of lignification
 g - 2 potions of invisibility
 h - a potion of berserk rage
 j - 4 potions of attraction
 k - a potion of magic
 q - a potion of cancellation
 t - a potion of brilliance
 u - a potion of degeneration
 x - a potion of mutation
 A - a potion of haste


   Skills:
 + Level 8.9 Fighting
 + Level 13.9 Axes
 + Level 9.1 Armour
 + Level 3.9 Dodging
 + Level 0.7 Stealth
 + Level 6.1 Shields


You had 10 spell levels left.
You didn't know any spells.
Your spell library contained the following spells:

 Spells                   Type           Power      Damage    Failure   Level
 Kiss of Death            Conj/Necr      0%         2d5       67%         1
 Ensorcelled Hibernation  Hex/Ice        0%         N/A       80%         2
 Confusing Touch          Hex            0%         N/A       95%         3
 Dazzling Flash           Conj/Hex       0%         N/A       95%         3
 Gell's Gravitas          Tloc           0%         N/A       95%         3
 Spider Form              Tmut/Pois      0%         N/A       95%         3
 Teleport Other           Tloc           0%         N/A       95%         3
 Volatile Blastmotes      Fire/Tloc      0%         2d10      95%         3
 Anguish                  Hex/Necr       0%         N/A       100%        4
 Dispel Undead            Necr           0%         3d6       100%        4
 Iskenderun's Mystic Bla  Conj/Tloc      0%         2d3       100%        4
 Dispersal                Tloc           0%         N/A       100%        6
 Starburst                Conj/Fire      0%         6d3       100%        6


Dungeon Overview and Level Annotations

Branches:
Dungeon (10/15)            Temple (0/1) D:7             Orc (0/2) D:9
   Lair: D:8-11

Altars:
Fedhas
Yredelemnul

Shops:
D:2 *:*   D:3 ?   D:7 **   D:9 [

Annotations:
D:10 Josephine


Message History

You hit Josephine but do no damage.
Josephine is almost dead.
You hit the wraith but do no damage.
You hear a shout! x5
The wraith hits you but does no damage. Josephine barely misses you.
You hear a shout!
You slash Josephine!
Josephine is almost dead.
You hit the wraith. The wraith hits you.
* * * LOW HITPOINT WARNING * * *
The wraith drains your vigour!
You feel as though you will be slow longer.
You block Josephine's attack.
You closely miss Josephine.
Josephine is almost dead.
You hit the wraith but do no damage. The wraith hits you!
* * * LOW HITPOINT WARNING * * *
The wraith drains your vigour!
You feel as though you will be slow longer.
Josephine hits you but does no damage. The wraith closely misses you.
Josephine hits you but does no damage.
You feel protected. The wraith hits you but does no damage.
Josephine says, "How about some decapitation?"
Josephine hits you but does no damage.
A red film seems to cover your vision as you go berserk!
You feel yourself moving faster!
You feel mighty! The wraith completely misses you.
Josephine draws life force from you!
* * * LOW HITPOINT WARNING * * *
Josephine is healed by the life force!
Josephine hits you but does no damage. You block the wraith's attack.
You completely miss Josephine.
Josephine is almost dead.
You barely miss the wraith. The wraith barely misses you.
Josephine hits you but does no damage.
You closely miss Josephine.
Josephine is almost dead.
You hit the wraith but do no damage. You block the wraith's attack.
Josephine draws life force from you!!
You die...

....#.#..#.
..........
###....#..##.
...........
#.......##
#........ .
#....#.##...
#.<.........
#...@W......
#..#@#......
#..#W#.##...
#...W. . W.
......... .
....#.....@
###.##.#.##.#
#.#.#


You could see Josephine and 3 wraiths.

Vanquished Creatures
  A two-headed ogre (D:8)
  Pikel (D:5)
  Sigmund (D:5)
  A vampire (D:9)
  3 wraiths
  A wyvern (D:7)
  4 vampire mosquitoes (D:9)
  Edmund (D:5)
  An acid dragon (D:9)
  2 water moccasins (D:8)
  2 sky beasts (D:6)
  5 orc warriors
  An ice beast (D:6)
  An ogre (D:4)
  A black bear (D:6)
  2 centaurs
  2 phantoms
  A lemure (D:5)
  4 bullfrogs
  A gnoll sergeant (D:8)
  10 wights
  12 killer bees
  An electric eel (D:7)
  3 howler monkeys
  2 orc priests
  2 hounds
  2 jellies
  Crazy Yiuf (D:4)
  A gnoll bouda (D:4)
  Ijyb (D:5)
  11 orc wizards
  A sleepcap (D:7)
  Robin (D:5)
  6 adders
  11 gnolls
  A shadow imp (D:5)
  4 white imps
  2 ufetubi
  2 worms (D:3)
  2 dart slugs (D:3)
  29 orcs
  6 ball pythons
  5 endoplasms
  3 giant cockroaches
  9 goblins
  15 hobgoblins
  2 jackals (D:4)
  2 quokkas
  2 frilled lizards
  7 kobolds
  6 rats
198 creatures vanquished.

Vanquished Creatures (others)
  A hobgoblin (D:4)
1 creature vanquished.

Grand Total: 199 creatures vanquished

Notes
Turn   | Place    | Note
-------+----------+-------------------------------------------
     0 | D:1      | lonewolfV2 the Hill Orc Fighter began the quest for the
                  | Orb.
     0 | D:1      | Reached XP level 1. HP: 19/19 MP: 1/1
    94 | D:1      | Reached XP level 2. HP: 27/27 MP: 2/2
   547 | D:1      | Reached skill level 3 in Axes
   807 | D:2      | Found Gafad's General Store.
   949 | D:2      | Found Nimnisik's Book Shoppe.
   972 | D:2      | Reached XP level 3. HP: 33/33 MP: 3/3
   982 | D:2      | Found Zuaneyq's General Store.
  1378 | D:2      | You fall into a shaft and drop 1 floor!
  1428 | D:3      | Noticed a phantom
  1443 | D:3      | Killed a phantom
  1444 | D:3      | Reached skill level 4 in Axes
  1444 | D:3      | Reached XP level 4. HP: 25/41 MP: 4/4
  1873 | D:3      | Found Geuckuk's Magic Scroll Shop.
  1915 | D:3      | Reached XP level 5. HP: 43/47 MP: 5/5
  2648 | D:4      | Identified the +0 leather armour "Ojilli" {rElec}
  2662 | D:4      | Noticed an ogre
  2673 | D:4      | Killed an ogre
  2674 | D:4      | Reached skill level 5 in Axes
  2674 | D:4      | Reached XP level 6. HP: 40/53 MP: 6/6
  2789 | D:4      | Reached skill level 6 in Axes
  2887 | D:4      | Reached skill level 1 in Dodging
  2948 | D:4      | Reached skill level 5 in Fighting
  2948 | D:4      | Reached XP level 7. HP: 52/61 MP: 7/7
  3077 | D:4      | Became a worshipper of Beogh the Brigand
  3271 | D:4      | Found a runed translucent door.
  3272 | D:4      | Noticed Crazy Yiuf
  3362 | D:4      | Killed Crazy Yiuf
  3363 | D:4      | Reached skill level 7 in Axes
  3712 | D:5      | Entered Level 5 of the Dungeon
  3732 | D:5      | Noticed Pikel
  3747 | D:5      | Killed Pikel
  3748 | D:5      | Reached skill level 8 in Axes
  3748 | D:5      | Reached skill level 5 in Armour
  3748 | D:5      | Reached XP level 8. HP: 52/69 MP: 8/8
  4028 | D:5      | Noticed Robin
  4028 | D:5      | Noticed Ijyb
  4033 | D:5      | Paralysed by Ijyb for 4 turns
  4042 | D:5      | Killed Ijyb
  4049 | D:5      | Killed Robin
  4175 | D:5      | Noticed Sigmund
  4187 | D:5      | Killed Sigmund
  4188 | D:5      | Reached skill level 9 in Axes
  4390 | D:5      | Found a basalt altar of Yredelemnul.
  4391 | D:5      | Noticed Edmund
  4414 | D:5      | Killed Edmund
  4904 | D:6      | Found a blossoming altar of Fedhas.
  4952 | D:6      | Reached skill level 10 in Axes
  5197 | D:6      | Reached XP level 9. HP: 55/77 MP: 9/9
  5356 | D:6      | Reached * piety under Beogh
  5823 | D:7      | Reached skill level 11 in Axes
  7492 | D:7      | Found Vausow's Specific Store.
  7494 | D:7      | Found Ircho's General Store.
  7591 | D:7      | Found a staircase to the Ecumenical Temple.
  7764 | D:8      | Reached skill level 5 in Shields
  7987 | D:8      | Found a flagged portal.
  8059 | D:8      | Reached ** piety under Beogh
  8074 | D:8      | Reached skill level 12 in Axes
  8088 | D:8      | Noticed a two-headed ogre
  8090 | D:8      | Reached XP level 10. HP: 27/86 MP: 8/10
  8104 | D:8      | Killed a two-headed ogre
  8785 | D:8      | Reached skill level 13 in Axes
 10285 | D:9      | Found Fycife Mycie's Antique Armour Emporium.
 10293 | D:9      | Bought a pitted leather armour for 147 gold pieces
 10293 | D:9      | Identified the +1 leather armour of Fiefug {rN+ Int+2
                  | Stlth-} (You bought it in a shop on level 9 of the Dungeon)
 10728 | D:9      | Found a staircase to the Orcish Mines.
 11295 | D:10     | Entered Level 10 of the Dungeon
 11299 | D:10     | Noticed Josephine
 11308 | D:10     | Reached *** piety under Beogh
 11311 | D:10     | Reached XP level 11. HP: 61/95 MP: 11/11
 11318 | D:10     | HP: 6/138 [Josephine/vampiric draining (7)]
 11320 | D:10     | Killed from afar by Josephine

Illustrated notes

Levels and vault maps discovered:
D:1:      onia_arrival_handbag, layout_basic
D:2:      layout_loops_ring, serial_shops, shop, shop, shop_statue
D:3:      layout_basic, serial_shops, nicolae_shop_window_shopping
D:4:      layout_basic, uniq_crazy_yiuf_cottage
D:5:      layout_loops_ring, old_standard_altar, nicolae_goblin_pals, uniq_ijyb,
          uniq_pikel, uniq_edmund, uniq_sigmund
D:6:      layout_basic, fedhas_altar_1, serial_rivers,
          chequers_serial_rivers_marsh, chequers_serial_rivers_micro_a,
          chequers_serial_rivers_micro_e, chequers_serial_rivers_small_a,
          chequers_serial_rivers_micro_a
D:7:      layout_loops_cross, minmay_temple_entry_fiery, nicolae_specific_store,
          serial_bayou_ford_a, nicolae_figureground_sparkle
D:8:      layout_basic, enter_bailey_3, minmay_fractal_squares_diagonal_5
D:9:      layout_basic, orc_0_dummy, serial_shops, shop
D:10:     minmay_chambers_of_sevens, layout_basic, lair_entry_dummy,
          special_room [special_room_orc], minivault_8, uniq_grum,
          uniq_josephine

Skill      XL: |  1  2  3  4  5  6  7  8  9 10 |
---------------+-------------------------------+-----
Axes           | 3 4 5 6 8 10 12 13 | 13.9
Fighting       | 4 5 6 7 8 |  8.9
Armour         | 4 5 6 7 9 |  9.1
Shields        | 4 5 6 |  6.1
Dodging        | 1 3 |  3.9
Stealth        | |  0.7

Action                     |  1- 3 |  4- 6 |  7- 9 | 10-12 || total
---------------------------+-------+-------+-------+-------++-------
  Melee: War axe           |    75 |   111 |   385 |   170 ||   741
         Hand axe          |       |       |       |    65 ||    65
 Invoke: Convert to Beogh  |       |       |     1 |       ||     1
    Use: Scroll            |     5 |     5 |     3 |    12 ||    25
         Potion            |       |       |     6 |     5 ||    11
 Armour: Scale mail        |    31 |    54 |   159 |    82 ||   326
  Dodge: Dodged            |    31 |    51 |   179 |   136 ||   397
  Block: Buckler           |    19 |    20 |    73 |    49 ||   161
